 Dungeon Crawl Stone Soup version 0.31-a0-43-g46d131a48f (webtiles) character file.

Game seed: 13174837406082605315

2093 Essalna the Destroyer (level 9, -8/55 HPs)
             Began as a Tengu Fire Elementalist on May 19, 2023.
             Was a Follower of Vehumet.
             Mangled by a gnoll
             ... wielding a +0 halberd
             ... led by a gnoll sergeant
              (10 damage)
             ... on level 8 of the Dungeon.
             The game lasted 00:09:34 (7564 turns).

Essalna the Destroyer (Tengu Fire Elementalist)     Turns: 7564, Time: 00:09:35

Health: -8/55      AC:  6    Str:  9    XL:     9   Next: 27%
Magic:  1/13       EV: 16    Int: 26    God:    Vehumet [*.....]
Gold:   334        SH:  0    Dex: 14    Spells: 5/12 levels left

rFire   + . .        i - +2 whip (elec)
rCold   x . .        (no shield)
rNeg    . . .        A - +0 steam dragon scales
rPois   .            (helmet restricted)
rElec   .            g - +0 cloak
rCorr   .            (no gloves)
SInv    .            (boots unavailable)
Will    .....        (no amulet)
Stlth   ++           k - +6 ring of intelligence
HPRegen 0.29/turn    B - ring of fire
MPRegen 0.13/turn

%: no passive effects
@: mighty, about to teleport, flying quickly and evasively, quick
A: beak, talons 3, nimble flight
a: Renounce Religion


You were on level 8 of the Dungeon.
You worshipped Vehumet.
Vehumet was aware of your devotion.
You visited 1 branch of the dungeon, and saw 8 of its levels.

You collected 334 gold pieces.

Inventory:

Hand Weapons
 i - a +2 whip of electrocution (weapon)
Armour
 a - a +0 robe
 g - a +0 cloak (worn)
 A - +0 steam dragon scales (worn)
Jewellery
 k - a +6 ring of intelligence (left hand)
 p - a ring of flight
 B - a ring of fire (right hand)
Wands
 o - a wand of flame (12)
 q - a wand of light (4)
Scrolls
 c - 8 scrolls of teleportation
 d - 3 scrolls of vulnerability {unknown}
 f - 6 scrolls of identify
 m - 3 scrolls of magic mapping {unknown}
 n - 2 scrolls of amnesia {unknown}
 r - a scroll of brand weapon {unknown}
 t - a scroll of enchant armour {unknown}
 u - a scroll of acquirement {unknown}
 y - 3 scrolls of enchant weapon {unknown}
 z - 2 scrolls of immolation {unknown}
 C - a scroll of fear {unknown}
Potions
 b - 2 potions of magic
 e - 2 potions of attraction {unknown}
 h - 2 potions of might
 j - 2 potions of mutation {unknown}
 l - a potion of ambrosia {unknown}
 s - a potion of invisibility {unknown}
 v - 2 potions of degeneration {unknown}
 w - a potion of resistance {unknown}
 x - a potion of curing {unknown}


   Skills:
 + Level 6.1 Fighting
 + Level 3.5 Armour
 + Level 4.4 Dodging
 - Level 2.0 Stealth
 - Level 2.0 Spellcasting
 + Level 8.2 Conjurations
 + Level 7.6 Fire Magic


You had 5 spell levels left.
You knew the following spells:

 Your Spells              Type           Power      Damage    Failure   Level
a - Foxfire               Conj/Fire      100%       2x1d9     1%          1
b - Scorch                Fire           100%       2d9       1%          2
c - Flame Wave            Conj/Fire      60%        2d14      4%          4

Your spell library contained the following spells:

 Spells                   Type           Power      Damage    Failure   Level
 Sandblast                Erth           4%         2d4       11%         1
 Momentum Strike          Conj/Tloc      48%        3d9       3%          2
 Dazzling Flash           Conj/Hex       48%        N/A       6%          3
 Hailstorm                Conj/Ice       24%        3d7       6%          3
 Inner Flame              Hex/Fire       33%        N/A       7%          3
 Volatile Blastmotes      Fire/Tloc      66%        2d15      7%          3
 Freeze                   Ice            8%         1d3       11%         1
 Blink                    Tloc           4%         N/A       16%         2
 Lesser Beckoning         Tloc           4%         N/A       16%         2
 Iskenderun's Mystic Bla  Conj/Tloc      24%        2d7       19%         4
 Frozen Ramparts          Ice            4%         1d1       30%         3
 Portal Projectile        Hex/Tloc       4%         N/A       30%         3
 Tukima's Dance           Hex            2%         N/A       30%         3
 Blade Hands              Tmut           1%         N/A       96%         5
 Starburst                Conj/Fire      30%        6d9       52%         6


Dungeon Overview and Level Annotations

Branches:
Dungeon (8/15)             Temple (0/1) D:7
   Lair: D:8-11

Altars:
Dithmenos
Hepliaklqana
Nemelex Xobeh
Okawaru
Sif Muna
Uskayaw
Vehumet
Xom
Yredelemnul
Zin

Shops:
D:7 [

Annotations:
D:8 2 transporters


Innate Abilities, Weirdness & Mutations

You have a beak for a mouth.
You have claws for feet.
Your magical nature lets you fly swiftly and evasively.


Message History

The foxfire hits the gnoll sergeant but does no damage.
The gnoll sergeant is moderately wounded.
The foxfire hits the gnoll sergeant but does no damage.
The gnoll sergeant is moderately wounded.
The gnoll sergeant hits you with a +0 trident!
You barely miss the gnoll sergeant. You claw the gnoll sergeant.
The gnoll sergeant is heavily wounded.
A gnoll comes into view. It is wielding a +0 halberd.
The gnoll sergeant hits you with a +0 trident!
You hit the gnoll sergeant.
The gnoll sergeant is severely wounded.
The gnoll sergeant barely misses you.
You hit the gnoll sergeant but do no damage.
The gnoll sergeant is severely wounded.
The gnoll hits you but does no damage.
A gnoll comes into view. It is wielding a +0 spear.
The gnoll sergeant hits you with a +0 trident!
As you read the scroll labelled VUPORGHU XAUJ, it crumbles to dust.
It is a scroll of identify.
c - 9 scrolls of teleportation The gnoll closely misses you.
A gnoll comes into view. It is wielding a +0 whip of pain.
The gnoll sergeant hits you with a +0 trident!
* * * LOW HITPOINT WARNING * * *
As you read the scroll of teleportation, it crumbles to dust.
You feel strangely unstable.
The gnoll hits you from afar with a +0 spear.
* * * LOW HITPOINT WARNING * * *
Okay, then.
The gnoll hits you from afar with a +0 spear.
* * * LOW HITPOINT WARNING * * *
The gnoll sergeant closely misses you. The black bear bites you.
* * * LOW HITPOINT WARNING * * *
The black bear claws you but does no damage. x2
The gnoll closely misses you. x2
It was a potion of might.
You feel very mighty all of a sudden. The gnoll misses you.
The gnoll hits you from afar with a +0 halberd!
You die...

.............## ##..........#
..............# ###...........#
.............## #.............#
...........### #.............#
..........## #.............#
........### ##............#
.......## ### #............#
....#### ####.## #............#
.....## ####..gh@# #............#
.#..<.###........###............#
..#...........gg.##)#..........##
#.............g...#.##.........#
##..)..............###........##
###..........g....# ##.......#
#...............# #......##
#...............# ##....##
##..............# ###..#


You could see a black bear, a gnoll sergeant and 4 gnolls.

Vanquished Creatures
  A human (D:5)
  A steam dragon (D:5)
  2 water moccasins
  A black bear (D:6)
  2 ice beasts
  A phantom (D:7)
  A kobold brigand (D:7)
  2 bullfrogs
  A gnoll sergeant (D:6)
  3 scorpions
  3 wights (D:7)
  2 howler monkeys (D:8)
  2 jellies
  5 hounds
  4 orc priests
  A gnoll bouda (D:4)
  An iguana (D:6)
  2 orc wizards
  A sleepcap (D:5)
  3 adders
  5 gnolls (D:6)
  A shadow imp (D:8)
  3 white imps
  A worm (D:2)
  4 dart slugs
  10 orcs
  A bat (D:3)
  3 endoplasms (D:2)
  2 giant cockroaches
  3 goblins
  6 hobgoblins
  2 quokkas
  5 ball pythons
  2 frilled lizards (D:1)
  A jackal zombie (D:5)
  6 kobolds
  6 rats
100 creatures vanquished.

Vanquished Creatures (collateral kills)
  5 foxfires (D:1)
5 creatures vanquished.

Vanquished Creatures (others)
  An angel (D:4)
  An orc priest (D:4)
  4 orcs (D:4)
  485 foxfires
491 creatures vanquished.

Grand Total: 596 creatures vanquished

Notes
Turn   | Place    | Note
-------+----------+-------------------------------------------
     0 | D:1      | Essalna the Tengu Fire Elementalist began the quest for the
                  | Orb.
     0 | D:1      | Reached XP level 1. HP: 10/10 MP: 4/4
   257 | D:1      | Reached XP level 2. HP: 16/16 MP: 0/6
   288 | D:1      | Reached skill level 2 in Conjurations
   529 | D:1      | Reached skill level 1 in Fighting
  1169 | D:2      | Found a hide-covered altar of Uskayaw.
  1405 | D:2      | Reached XP level 3. HP: 20/20 MP: 0/7
  2698 | D:3      | Found an iron altar of Okawaru.
  2735 | D:3      | Found a shimmering blue altar of Sif Muna.
  2893 | D:4      | Found a glowing silver altar of Zin.
  2893 | D:4      | Noticed an angel
  2896 | D:4      | Found a shimmering altar of Xom.
  2966 | D:4      | Found a hazy altar of Hepliaklqana.
  3108 | D:4      | Found a radiant altar of Vehumet.
  3125 | D:4      | Became a worshipper of Vehumet
  3448 | D:4      | Reached skill level 3 in Conjurations
  3448 | D:4      | Reached XP level 4. HP: 20/26 MP: 3/8
  3519 | D:4      | Noticed a scorpion
  3526 | D:4      | Killed a scorpion
  3527 | D:4      | Gained mutation: Your magical nature lets you fly swiftly
                  | and evasively. [Tengu growth]
  3527 | D:4      | Reached XP level 5. HP: 31/31 MP: 5/9
  3621 | D:4      | Killed an angel
  3899 | D:5      | Entered Level 5 of the Dungeon
  3968 | D:5      | Reached skill level 4 in Conjurations
  4150 | D:5      | Reached skill level 5 in Fire Magic
  4150 | D:5      | Reached XP level 6. HP: 36/37 MP: 5/10
  4304 | D:5      | Found a sparkling altar of Nemelex Xobeh.
  4635 | D:5      | Reached skill level 5 in Conjurations
  4694 | D:5      | Found a runed translucent door.
  4694 | D:5      | Noticed a human
  4700 | D:5      | Found a basalt altar of Yredelemnul.
  4755 | D:5      | Killed a human
  4756 | D:5      | Reached XP level 7. HP: 41/43 MP: 4/11
  4928 | D:6      | Reached skill level 6 in Conjurations
  5016 | D:6      | Found a shadowy altar of Dithmenos.
  5024 | D:6      | Learned a level 2 spell: Scorch
  5109 | D:6      | Noticed a steam dragon
  5208 | D:5      | Killed a steam dragon
  5209 | D:5      | Reached XP level 8. HP: 5/48 MP: 2/12
  5503 | D:6      | Reached skill level 5 in Fighting
  5595 | D:6      | Learned a level 4 spell: Flame Wave
  5902 | D:6      | Reached skill level 1 in Armour
  5913 | D:6      | Reached skill level 7 in Conjurations
  5932 | D:6      | Reached * piety under Vehumet
  5932 | D:6      | Offered knowledge of Sandblast by Vehumet.
  6402 | D:7      | Found Buyziq's Antique Armour Emporium.
  6938 | D:7      | Found a staircase to the Ecumenical Temple.
  7154 | D:7      | Reached XP level 9. HP: 33/54 MP: 7/13
  7370 | D:8      | Reached skill level 8 in Conjurations
  7444 | D:8      | Found a transporter.
  7447 | D:8      | Found a transporter.
  7491 | D:8      | Noticed a boulder beetle
  7561 | D:8      | HP: 2/55 [black bear (2)]
  7564 | D:8      | Mangled by a gnoll

Illustrated notes

Levels and vault maps discovered:
D:1:      lemuel_arrival_funnel, layout_loops_ring, minmay_tree_intersection,
          amcnicky_mini_pool_small, minmay_misc_feat_four_crosses,
          serial_bayou_lagoon_a, nrook_mini_backslash
D:2:      layout_basic, basic_altar
D:3:      layout_rooms, amethyst_overflow_temple_binary
D:4:      layout_basic, grunt_temple_overflow_order_and_chaos_1,
          nicolae_hepliaklqana_hippocampus, vehumet_altar_wand_db,
          minmay_small_thing
D:5:      layout_rooms, nemelex_altar_shiori, dk_yredelemnul_ordeal
D:6:      layout_loops_cross, mainiacjoe_overflow_paths
D:7:      layout_basic, minmay_temple_entry_glassed_door, serial_shops,
          nicolae_shop_trees
D:8:      gammafunk_boulding_lane, layout_cave_pods, due_lair_maze_entry_diamond

Skill      XL: |  1  2  3  4  5  6  7  8  9 |
---------------+----------------------------+-----
Conjurations   | 2 3 4 5 6 7 8 |  8.2
Fighting       | 1 2 3 4 5 6 |  6.1
Fire Magic     | 4 5 6 7 |  7.6
Armour         | 2 3 |  3.5
Dodging        | 3 4 |  4.4
Stealth        | |  2.0
Spellcasting   | |  2.0

Action                     |  1- 3 |  4- 6 |  7- 9 || total
---------------------------+-------+-------+-------++-------
  Melee: Unarmed           |     5 |       |       ||     5
         Peck              |     6 |       |     6 ||    12
         Kick              |     3 |     2 |     8 ||    13
         Whip              |    18 |     8 |    25 ||    51
   Cast: Foxfire           |    96 |    55 |   150 ||   301
         Scorch            |       |       |    12 ||    12
    Use: Scroll            |       |       |     2 ||     2
         Potion            |       |       |     1 ||     1
   Stab: Sleeping          |     3 |       |       ||     3
 Armour: Robe              |     6 |     6 |     1 ||    13
         Steam dragon scal |       |       |     8 ||     8
  Dodge: Dodged            |    19 |    13 |    53 ||    85

Table legend: (Time is in decaauts)
 A = Elapsed time spent in this place.
 B = Non-inter-level travel time spent in this place.
 C = Inter-level travel time spent in this place.
 D = Time resting spent in this place.
 E = Time spent auto-exploring this place.
 F = Levels seen in this place.
 G = Mean time per level.
                   A        B        C        D        E       F      G
               +--------+--------+--------+--------+--------+-----+--------+
         Total |   7365 |   7120 |    245 |    231 |   6017 |   8 |  920.6 |
       Dungeon |   7365 |   7120 |    245 |    231 |   6017 |   8 |  920.6 |
               +--------+--------+--------+--------+--------+-----+--------+

Top non-repeatable levels by time:
     D:2: 1211 daAuts
     D:4: 1203 daAuts
     D:7: 1157 daAuts
     D:1: 1018 daAuts
     D:5: 998 daAuts
     D:6: 958 daAuts
     D:3: 627 daAuts
     D:8: 191 daAuts
